Jonadab, neutral female gnomish Wizard ------ |....+# ---------- ----------- |....|# |........| |.........| |...$|# |........| #..........| ------# |.........# #|.%.......| # -------|--# #---------.- --------------- # ## # # # |..........[>.| # # # # # |.............| # ### # # ## ##-.............| # # # # ---|- # --------------- ## ####### #### # |[...#### #---.------- #-|-------------# |...| #|....<..... ##-.............|# |...| #|.........| |.............|% ----- #-.........| #..............|# |..........#####|..............# ----------- --------------- Jonadab the Conjurer Experience level: 3 Strength: 12 Dexterity: 13 Constitution: 13 Intelligence: 19 Wisdom: 9 Charisma: 10 Health: 23(23) Energy: 22(22) Def: -2 Gold: 95 Moves: 1291 Dungeon seed: XBGm-0Krqmv35tjl Game ID: Jonadab_1496846697 Your Inventory: Coins $ - 95 gold pieces Weapons a - a blessed +1 quarterstaff (weapon in hands) Armor e - an uncursed +0 cloak of magic resistance (being worn) n - a cursed -4 pair of levitation boots (being worn) Scrolls i - an uncursed scroll of scare monster j - 2 uncursed scrolls of enchant armor Spellbooks k - a blessed spellbook of force bolt l - an uncursed spellbook of jumping m - an uncursed spellbook of confuse monster Potions f - an uncursed potion of enlightenment g - an uncursed potion of sickness h - an uncursed potion of speed Rings c - an uncursed ring of polymorph control (on left hand) d - an uncursed +1 ring of gain constitution Wands b - an uncursed wand of striking (0:5) Spells and supernatural/magical abilities: Name Level Category Fail Memory a - force bolt 1 attack 0% 94% j - jumping 1 escape 0% 94% u - confuse monster 2 enchantment 0% 94% W - pray for help -- divine ? -- Your skills at the end: Fighting Skills Weapon Skills quarterstaff [Basic] Spellcasting Skills attack spells [Basic] enchantment spells [Basic] Final Attributes: You had transgressed. You were magic-protected. You had infravision. You were levitating. You had polymorph control. You are dead. Vanquished creatures: a kitten a gas spore a red mold 2 geckos 2 newts 7 creatures vanquished. Voluntary challenges: You went without food. You were an atheist. You used a wielded weapon 10 times, starting on turn 1. You read items or engraved 2 times, starting on turn 9. You never genocided any monsters. You never polymorphed an object. You never changed form. You used no wishes. You never split a pudding. You never wrote Elbereth's name. You violated your moral code, losing 24 points of alignment, starting on turn 4. Dungeon overview: The Dungeons of Doom: Level 1 <- You were here a long staircase History has recorded: On T:1 you entered the Dungeons of Doom to retrieve the Amulet of Yendor! On T:4 you advanced to experience level 2. On T:59 you advanced to experience level 3. Score breakdown: Gold: 95 ( 6743 points) Experience: 3 levels ( 7878 points) Exploration: 1 level ( 2.04%) ( 0 points) Discoveries: 2 items ( 0.69%) ( 2500 points) Valuables value: (no points given unless you survive) Artifact value: 0 ( 0 points) Variety of kills: 5 monsters ( 1.31%) ( 3436 points) Turncount: 1291 turns ( 0 points) Survival: died (score multiplied by 80%) Total score: 16445 Latest messages: You come to. You stop searching. You faint from lack of food. You come to. You stop searching. You faint from lack of food. You come to. You faint from lack of food. You come to. You faint from lack of food. You come to. You faint from lack of food. You come to. You faint from lack of food. You come to. You faint from lack of food. You come to. You faint from lack of food. You come to. You faint from lack of food. You come to. You faint from lack of food. You come to. You faint from lack of food. You come to. You faint from lack of food. You die from starvation. Final status: Goodbye Jonadab the Wizard, died of starvation, while fainted from lack of food... You starved in The Dungeons of Doom on dungeon level 1 with 16445 points, and 95 pieces of gold, after 1291 moves. You were level 3 with a maximum of 23 hit points when you starved.